 Dungeon Crawl Stone Soup version 0.31-a0-744-gbc345e7fcb (webtiles) character file.

Game seed: 12998518447109475859

1221 GigaChad the Chopper (level 8, 0/63 HPs)
             Began as a Formicid Fighter on Sept 13, 2023.
             Was an Initiate of Gozag.
             Slain by an orc wizard
             ... wielding a +0 dagger
              (1 damage)
             ... on level 6 of the Dungeon.
             The game lasted 00:05:48 (5460 turns).

GigaChad the Chopper (Formicid Fighter)             Turns: 5460, Time: 00:05:50

Health: 0/63       AC: 13    Str: 24    XL:     8   Next: 75%
Magic:  8/8        EV:  8    Int:  7    God:    Gozag
Gold:   308        SH:  5    Dex: 13    Spells: 7/7 levels left

rFire   . . .        A - +6 flail of Chagrin {heavy, rPois rCorr}
rCold   . . .        c - +0 buckler
rNeg    . . .        z - +0 chain mail
rPois   +            (helmet unavailable)
rElec   .            l - +0 cloak
rCorr   +            (no gloves)
SInv    +            C - +1 pair of boots
Will    .....        w - amulet of the acrobat Stlth
                     (no ring)
HPRegen 0.30/turn    (no ring)
MPRegen 0.11/turn

%: acrobat
@: gold aura
A: permanent stasis, dig shafts and tunnels, antennae 3, four strong arms
a: Dig, Shaft Self, Renounce Religion, Potion Petition, Call Merchant, Bribe
Branch


You were on level 6 of the Dungeon.
You worshipped Gozag.
Gozag was aware of your devotion.
You visited 2 branches of the dungeon, and saw 7 of its levels.
You also visited: Sewer.

You collected 370 gold pieces.
You paid 62 gold pieces to Gozag.

Inventory:

Hand Weapons
 a - a +1 war axe
 v - a +0 halberd of venom
 A - the +6 flail of Chagrin (weapon) {heavy, rPois rCorr}
   (You found it on level 5 of the Dungeon)

   rPois:     It protects you from poison rCorr: It protects you from acid and
   corrosion.
Missiles
 y - a throwing net
Armour
 b - a +0 scale mail
 c - a +0 buckler (worn)
 l - a +0 cloak (worn)
 z - a +0 chain mail (worn)
 C - a +1 pair of boots (worn)
Jewellery
 w - an amulet of the acrobat (around neck)
Talismans
 x - a flux talisman
Wands
 h - a wand of flame (36)
Scrolls
 j - a scroll of silence
 k - 2 scrolls of identify
 m - 2 scrolls of revelation {unknown}
 n - a scroll of noise {unknown}
 o - 4 scrolls of fear {unknown}
 p - a scroll of teleportation {unknown}
 s - a scroll of vulnerability {unknown}
 t - a scroll of poison {unknown}
 u - a scroll of amnesia {unknown}
 B - a scroll of fog
Potions
 d - 2 potions of might
 e - 2 potions of degeneration {unknown}
 f - a potion of invisibility {unknown}
 g - 3 potions of curing
 i - a potion of lignification {unknown}
 q - 2 potions of heal wounds
 r - 3 potions of enlightenment


   Skills:
 * Level 5.5 Fighting
 * Level 6.7 Axes
 * Level 1.1(4.3) Maces & Flails
 * Level 6.0 Armour
 * Level 5.8 Shields
 * Level 1.3 Evocations
 * Level 1.2 Shapeshifting


You had 7 spell levels left.
You didn't know any spells.
Your spell library contained the following spells:

 Spells                   Type           Power      Damage    Failure   Level
 Ensorcelled Hibernation  Hex/Ice        0%         N/A       99%         2
 Jinxbite                 Hex            0%         N/A       99%         2
 Anguish                  Hex/Necr       0%         N/A       100%        4


Dungeon Overview and Level Annotations

Branches:
Dungeon (6/15)             Temple (1/1) D:4           Sewer (visited)

Altars:
Ashenzari
Cheibriados
Dithmenos
Elyvilon
Fedhas
Gozag
Hepliaklqana
Makhleb
Nemelex Xobeh
Okawaru
Qazlal
Ru
Sif Muna
Uskayaw
Vehumet
Wu Jian
Xom
Yredelemnul
Zin
The Shining One

Shops:
D:2 (


Innate Abilities, Weirdness & Mutations

You cannot be hasted, slowed, berserked, paralysed or teleported.
You can dig through walls and to a lower floor.
You have a pair of large antennae on your head. (SInv)
Your four strong arms can wield two-handed weapons with a shield.


Message History

The orc priest is no longer distracted by gold.
The orc hits you but does no damage.
The orc priest begins to cast a cantrip, but forgets the words!
The orc wizard hits you but does no damage.
You bludgeon the orc priest!!
You kill the orc priest!
The orc barely misses you. You block the orc wizard's attack.
The orc hits you with a +2 mace of holy wrath.
* * * LOW HITPOINT WARNING * * *
The orc wizard hits you but does no damage.
Unknown command.
Unknown command.
The orc closely misses you.
The orc wizard hits you with a +0 dagger.
* * * LOW HITPOINT WARNING * * *
Items here: $ )) [[.
The orc misses you.
You closely miss the orc wizard. The orc hits you but does no damage.
You block the orc wizard's attack. You block the orc's attack.
The orc wizard hits you but does no damage.
Unknown command.
You closely miss the orc wizard. The orc barely misses you.
The orc wizard is distracted by your dazzling golden aura.
The orc hits you with a +2 mace of holy wrath!
* * * LOW HITPOINT WARNING * * *
Unknown command.
You hit the orc wizard.
The orc wizard is no longer distracted by gold.
The orc wizard is moderately wounded.
The orc hits you with a +2 mace of holy wrath.
* * * LOW HITPOINT WARNING * * *
The orc wizard is distracted by your dazzling golden aura.
The orc wizard shouts!
You closely miss the orc wizard.
The orc wizard is no longer distracted by gold.
The orc wizard is moderately wounded.
The orc hits you but does no damage.
The orc wizard hits you with a +0 dagger.
You die...
Your body crumbles into a pile of gold.

... #............ ...,
#............ ....
#............ .....
#####'####....
.....##+#####........#....
/....................#....
..(..................#....
.........$...........#....
.(......o@...........#....
.........o...........#....
###############........#....
#.............#........#....
#.............'........#....
#.............#........#....
#.............#........#####
########......#.......##....
#......#......#.......#.....


You could see an orc wizard (invisible) and an orc.

Vanquished Creatures
  Sigmund (D:4)
  An ogre (D:3)
  2 phantoms
  A kobold brigand (Sewer)
  2 scorpions (D:4)
  4 wights (D:6)
  2 hounds
  2 jellies
  An orc priest (D:6)
  2 iguanas (D:4)
  2 sleepcaps
  An orc wizard (D:6)
  4 gnolls (D:4)
  2 adders
  3 worms
  2 dart slugs
  2 orcs
  9 ball pythons
  2 endoplasms
  4 giant cockroaches
  3 goblins
  2 hobgoblins
  9 jackals
  5 quokkas
  5 bats
  4 frilled lizards
  14 kobolds
  10 rats
101 creatures vanquished.

Notes
Turn   | Place    | Note
-------+----------+-------------------------------------------
     0 | D:1      | GigaChad the Formicid Fighter began the quest for the Orb.
     0 | D:1      | Reached XP level 1. HP: 18/18 MP: 1/1
    88 | D:1      | Reached XP level 2. HP: 16/24 MP: 2/2
   401 | D:1      | Reached XP level 3. HP: 28/29 MP: 3/3
  1076 | D:2      | Reached XP level 4. HP: 36/36 MP: 4/4
  1157 | D:2      | Found Ekkuecku's Antique Weapon Shoppe.
  1681 | D:3      | Noticed an ogre
  1685 | D:3      | Killed an ogre
  1686 | D:3      | Reached XP level 5. HP: 31/42 MP: 5/5
  1874 | D:3      | Found a glowing silver altar of Zin.
  2138 | D:3      | Found a glowing drain.
  2157 | Sewer    | Entered a sewer
  2223 | Sewer    | Noticed a kobold brigand
  2238 | Sewer    | Killed a kobold brigand
  2239 | Sewer    | Reached XP level 6. HP: 33/48 MP: 6/6
  2307 | Sewer    | Found a white marble altar of Elyvilon.
  2768 | D:4      | Found a staircase to the Ecumenical Temple.
  2784 | Temple   | Entered the Ecumenical Temple
  2815 | Temple   | Became a worshipper of Gozag Ym Sagoz the Greedy
  3210 | D:4      | Reached skill level 5 in Axes
  3212 | D:4      | Reached skill level 5 in Shields
  3212 | D:4      | Reached XP level 7. HP: 48/55 MP: 7/7
  3269 | D:4      | Noticed Sigmund
  3281 | D:4      | Killed Sigmund
  3426 | D:4      | Reached skill level 5 in Armour
  3821 | D:4      | Reached skill level 5 in Fighting
  4088 | D:4      | Found a shimmering altar of Xom.
  4309 | D:4      | Reached XP level 8. HP: 62/62 MP: 8/8
  4329 | D:5      | Entered Level 5 of the Dungeon
  4995 | D:5      | Identified the +6 flail of Chagrin {heavy, rPois rCorr}
  5440 | D:6      | Reached skill level 1 in Evocations
  5443 | D:6      | Reached skill level 1 in Shapeshifting
  5448 | D:6      | Reached skill level 1 in Maces & Flails
  5459 | D:6      | HP: 1/63 [orc/+2 mace of holy wrath (4)]
  5460 | D:6      | Slain by an orc wizard

Illustrated notes

Levels and vault maps discovered:
D:1:      tekkud_arrival_beachfront_property, layout_basic,
          serial_bayou_lagoon_a
D:2:      minmay_angry_zag, layout_basic, serial_shops, shop,
          nicolae_kite_square_tiling_tiny, skrybe_limestone_x
D:3:      layout_basic, zin_scriptorium, portal_sewer_entry_f
D:4:      layout_basic, xom_teletrap_fun, minmay_temple_entry_overgrown,
          uniq_sigmund
D:5:      layout_basic, minmay_misc_feat_four_crosses
D:6:      layout_gridville, dreamdust_princess_corridor
Temple:   dpeg_five_rooms_temple

Skill      XL: |  1  2  3  4  5  6  7  8 |
---------------+-------------------------+-----
Axes           | 4 5 6 |  6.7
Armour         | 4 5 6 |  6.0
Fighting       | 4 5 |  5.5
Shields        | 5 |  5.8
Evocations     | 1 |  1.3
Shapeshifting  | 1 |  1.2
Maces & Flails | 1 |  1.1

Action                     |  1- 3 |  4- 6 |  7- 9 || total
---------------------------+-------+-------+-------++-------
  Melee: War axe           |   100 |   116 |    75 ||   291
         Flail             |       |       |    25 ||    25
    Use: Scroll            |     4 |       |       ||     4
         Potion            |       |       |     2 ||     2
 Armour: Scale mail        |    56 |    82 |    36 ||   174
         Chain mail        |       |       |    70 ||    70
  Dodge: Dodged            |    46 |    50 |    62 ||   158
  Block: Buckler           |    32 |    15 |    31 ||    78

Table legend: (Time is in decaauts)
 A = Elapsed time spent in this place.
 B = Non-inter-level travel time spent in this place.
 C = Inter-level travel time spent in this place.
 D = Time resting spent in this place.
 E = Time spent auto-exploring this place.
 F = Levels seen in this place.
 G = Mean time per level.
                   A        B        C        D        E       F      G
               +--------+--------+--------+--------+--------+-----+--------+
         Total |   5606 |   5395 |    211 |    665 |   3846 |   8 |  700.8 |
       Dungeon |   5323 |   5170 |    153 |    665 |   3683 |   6 |  887.2 |
        Temple |     61 |      3 |     58 |      0 |      0 |   1 |   61.0 |
         Sewer |    221 |    221 |      0 |      0 |    163 |   1 |  221.0 |
               +--------+--------+--------+--------+--------+-----+--------+

Top non-repeatable levels by time:
     D:4: 1532 daAuts
     D:3: 983 daAuts
     D:1: 829 daAuts
     D:2: 824 daAuts
     D:5: 724 daAuts
     D:6: 429 daAuts
   Sewer: 221 daAuts
  Temple: 61 daAuts
